 Dungeon Sprint DCSS version 0.30-a0-996-ga6910c8ee8 (webtiles) character file.

Game seed: 9791303980128070206

3549 BigDaddyOpFi the Armataur Cataclysm (level 9, -8/88 HPs)
             Began as an Armataur Fighter on Apr 4, 2023.
             Was a High Priest of Qazlal.
             Mangled by Sonja
             ... wielding a +1 dagger of distortion
              (16 damage)
             ... in the Dungeon (Sprint VII: "The Pits").
             The game lasted 00:02:26 (1275 turns).

BigDaddyOpFi the Armataur Cataclysm (AtFi)          Turns: 1275, Time: 00:02:26

Health: -8/88      AC: 20    Str: 32    XL:     9   Next: 83%
Magic:  10/18      EV:  6    Int:  9    God:    Qazlal [*****.]
Gold:   1          SH: 12    Dex:  9    Spells: 8/8 levels left

rFire   . . .      SeeInvis .    p - +1 broad axe (venom)
rCold   . . .      Faith    .    c - +0 buckler
rNeg    . . .      Spirit   .    n - +3 plate armour
rPois   .          Reflect  .    (no helmet)
rElec   .          Roll     +    o - +0 cloak
rCorr   .          NoTele   +    (no gloves)
Will    .....                    (no barding) Stlth
                                 (no amulet)
HPRegen 0.34/turn                b - +3 ring of strength
MPRegen 0.16/turn                d - +3 ring of strength

@: protected from physical damage, repel missiles
A: large, rugged brown scales 3, deformed body, armoured tail, roll, long
tongue, awkward tongue
a: Renounce Religion, Upheaval, Elemental Force, Disaster Area


You were in the Dungeon.
You worshipped Qazlal.
Qazlal was extremely pleased with you.
You visited 1 branch You collected 1 gold pieces.

Inventory:

Hand Weapons
 p - a +1 broad axe of venom (weapon)
Armour
 a - a +0 cloak
 c - a +0 buckler (worn)
 n - a +3 plate armour (worn)
 o - a +0 cloak (worn)
Jewellery
 b - a +3 ring of strength (left hand)
 d - a +3 ring of strength (right hand)
Wands
 l - a wand of acid (7)
Scrolls
 j - a scroll of blinking
Potions
 e - 8 potions of curing
 f - 12 potions of heal wounds
 g - 2 potions of haste
 h - 4 potions of magic
 i - 2 potions of berserk rage
 k - 2 potions of invisibility
 m - 2 potions of brilliance


   Skills:
 + Level 9.3 Fighting
 + Level 8.1 Axes
 + Level 11.9 Armour
 + Level 11.0 Shields
 * Level 13.1 Invocations


You had 8 spell levels left.
You didn't know any spells.
Your spell library was empty.

Dungeon Overview and Level Annotations

Branches:
Dungeon (1/1)

Altars:
Ashenzari
Cheibriados
Dithmenos
Elyvilon
Fedhas
Gozag
Hepliaklqana
Kikubaaqudgha
Makhleb
Nemelex Xobeh
Okawaru
Qazlal
Ru
Sif Muna
Trog
Uskayaw
Vehumet
Wu Jian
Xom
Yredelemnul
Zin
The Shining One
Jiyva
Lugonu

Annotations:
D Sonja


Innate Abilities, Weirdness & Mutations

You are completely covered in rugged brown scales. (AC +3, +7% HP)
Armour fits poorly on your strangely shaped body.
You have a long armoured tail.
You roll when moving toward enemies. (Rampage)
Your long tongue fully drains potion bottles. (2x potion effects)
Your tongue gives you trouble enunciating. (1.5x scroll delay)


Message History

You open the door.
You hear a chilling moan.
You hear a loud, deep croak!
An ice devil comes into view.
You hear a shout!
Sonja, the Graceful Assassin comes into view.
She is wielding a +1 dagger of distortion and quivering curare-tipped darts.
A cane toad comes into view.
The ice devil moves out of view.
There is an open door here.
Activating: Disaster Area (1% risk of failure)
Press: ? - help, Dir - look around, f - activate Nature churns violently around you!
The cutting wind hits Sonja!!
Sonja is severely wounded.
A hellwing comes into view.
You block the cane toad's attack.
Unknown command.
A warg comes into view.
The warg howls!
Sonja hits you but does no damage. Space warps horribly around you!
Sonja hits you but does no damage. Space warps horribly around you!
Sonja hits you with a +1 dagger of distortion.
Space warps horribly around you! You block the cane toad's attack.
Sonja hits you with a +1 dagger of distortion.
Sonja hits you but does no damage. Space warps around you.
You block Sonja's attack.
You slice the cane toad!!
The cane toad is severely wounded.
You closely miss Sonja. You block Sonja's attack.
Sonja hits you but does no damage. Space warps horribly around you!!
* * * LOW HITPOINT WARNING * * *
You block Sonja's attack. The cane toad stings you!
* * * LOW HITPOINT WARNING * * *
You slash the cane toad! You tail-slap the cane toad.
The cane toad is almost dead.
You miss Sonja. You block Sonja's attack.
Sonja hits you with a +1 dagger of distortion.
* * * LOW HITPOINT WARNING * * *
You feel protected from physical attacks.
Space warps horribly around you!
You die...

......##..####.....# .##
......##...##......#...#
########....'÷..÷).+...+
########...##......#...#
.#...[##..####)≈...# .##
.#..[.##..##.##≈.§##...#
.'..))##..##..##.##.....#
.#..[)##..#
#..#'#4.......
.#..))##..# #4F@Kh.# .
########### ########


You could see a hellwing, an ice devil, a cane toad, a warg and Sonja.

Vanquished Creatures
  An alligator (D)
  Maurice (D)
  An orange demon (D)
  An unseen horror (D)
  A polar bear (D)
  4 blink frogs (D)
  A spriggan (D)
  A wyvern (D)
  Duvessa (D)
  A sky beast (D)
  2 centaurs (D)
  A wolf (D)
  A phantom (D)
  2 necrophages (D)
  Dowan (D)
  A gnoll bouda (D)
  A mummy (D)
  3 gnolls (D)
  2 adders (D)
  2 ufetubi (D)
  2 worms (D)
  3 orcs (D)
  An endoplasm (D)
  2 goblins (D)
  A ball python skeleton (D)
  A frilled lizard (D)
39 creatures vanquished.

Notes
Turn   | Place    | Note
-------+----------+-------------------------------------------
     0 | D        | BigDaddyOpFi the Armataur Fighter began the quest for the
                  | Orb.
     0 | D        | Reached XP level 1. HP: 19/19 MP: 1/1
    16 | D        | Found a bloodstained altar of Trog.
    16 | D        | Found a shimmering blue altar of Sif Muna.
    16 | D        | Found a viscous altar of Jiyva.
    16 | D        | Found a hazy altar of Hepliaklqana.
    16 | D        | Found an opulent altar of Gozag.
    17 | D        | Found a glowing golden altar of the Shining One.
    17 | D        | Found a glowing silver altar of Zin.
    17 | D        | Found a basalt altar of Yredelemnul.
    17 | D        | Found a shimmering altar of Xom.
    17 | D        | Found an ornate altar of the Wu Jian Council.
    17 | D        | Found a sacrificial altar of Ru.
    17 | D        | Found a stormy altar of Qazlal.
    17 | D        | Found an iron altar of Okawaru.
    17 | D        | Found a sparkling altar of Nemelex Xobeh.
    17 | D        | Found a burning altar of Makhleb.
    17 | D        | Found a blossoming altar of Fedhas.
    17 | D        | Found a white marble altar of Elyvilon.
    17 | D        | Found a shadowy altar of Dithmenos.
    17 | D        | Found a snail-covered altar of Cheibriados.
    19 | D        | Found a corrupted altar of Lugonu.
    19 | D        | Found a radiant altar of Vehumet.
    20 | D        | Found an ancient bone altar of Kikubaaqudgha.
    20 | D        | Found a hide-covered altar of Uskayaw.
    20 | D        | Found a broken altar of Ashenzari.
    23 | D        | Became a worshipper of Qazlal Stormbringer
    52 | D        | Reached XP level 2. HP: 23/27 MP: 2/2
   118 | D        | Reached * piety under Qazlal
   119 | D        | Reached skill level 1 in Invocations
   134 | D        | Reached ** piety under Qazlal
   138 | D        | Reached skill level 2 in Invocations
   279 | D        | Noticed a sky beast
   279 | D        | Noticed a necrophage
   292 | D        | Reached skill level 5 in Armour
   292 | D        | Reached skill level 3 in Invocations
   292 | D        | Reached XP level 3. HP: 35/35 MP: 3/5
   295 | D        | Reached *** piety under Qazlal
   298 | D        | Reached XP level 4. HP: 42/42 MP: 3/6
   300 | D        | Reached skill level 5 in Shields
   300 | D        | Reached skill level 4 in Invocations
   305 | D        | Killed a necrophage
   306 | D        | Reached skill level 5 in Invocations
   306 | D        | Reached XP level 5. HP: 50/50 MP: 4/8
   306 | D        | Reached **** piety under Qazlal
   327 | D        | Killed a sky beast
   328 | D        | Reached skill level 5 in Fighting
   328 | D        | Reached skill level 6 in Invocations
   511 | D        | Noticed an orange demon
   521 | D        | Killed an orange demon
   521 | D        | Reached ***** piety under Qazlal
   522 | D        | Reached skill level 5 in Axes
   522 | D        | Reached skill level 8 in Invocations
   522 | D        | Reached XP level 6. HP: 59/62 MP: 9/12
   522 | D        | Reached XP level 7. HP: 65/68 MP: 9/13
   562 | D        | Reached skill level 9 in Invocations
   618 | D        | Noticed Duvessa
   618 | D        | Noticed Dowan
   628 | D        | Killed Dowan
   631 | D        | Killed Duvessa
   632 | D        | Reached skill level 10 in Invocations
   632 | D        | Reached XP level 8. HP: 67/78 MP: 8/15
   772 | D        | Noticed a blink frog
   773 | D        | Noticed a blink frog
   773 | D        | Noticed a blink frog
   773 | D        | Noticed a polar bear
   774 | D        | Noticed a blink frog
   775 | D        | Killed a blink frog
   776 | D        | Killed a blink frog
   777 | D        | Reached skill level 10 in Armour
   781 | D        | Killed a blink frog
   782 | D        | Reached skill level 11 in Invocations
   785 | D        | Killed a polar bear
   787 | D        | Killed a blink frog
   787 | D        | Reached ****** piety under Qazlal
   788 | D        | Reached XP level 9. HP: 48/87 MP: 9/17
   968 | D        | Noticed an alligator
   968 | D        | Noticed Maurice
   969 | D        | Killed Maurice
   970 | D        | Reached skill level 10 in Shields
   970 | D        | Reached skill level 12 in Invocations
   971 | D        | Killed an alligator
  1008 | D        | Killed an unseen horror
  1009 | D        | Reached skill level 13 in Invocations
  1271 | D        | Noticed an ice devil
  1271 | D        | Noticed Sonja
  1271 | D        | Noticed a cane toad
  1272 | D        | Noticed a hellwing
  1275 | D        | Mangled by Sonja

Illustrated notes

Levels and vault maps discovered:
D:        pitsprint [storerooms_1, entrance_room_1, metal_vault_3, armoury_1,
          mini_pit_1, grid_room_1, main_hall_1, silver_pit, the_coven_3,
          the_vestibule_1, steel_vault_3, golden_pit, hallway_of_sentries,
          crystal_vault_1, iron_vault_4, final_vault]

Skill      XL: |  1  2  3  4  5  6  7  8  9 |
---------------+----------------------------+-----
Fighting       | 3 4 6 7 8 9 |  9.3
Axes           | 2 3 5 6 7 8 |  8.1
Armour         | 4 5 6 8 9 10 11 | 11.9
Invocations    | 3 5 8 10 11 13 | 13.1
Shields        | 4 5 7 8 9 11 | 11.0

Action                     |  1- 3 |  4- 6 |  7- 9 || total
---------------------------+-------+-------+-------++-------
  Melee: War axe           |    27 |    41 |    38 ||   106
         Tailslap          |     4 |     5 |     5 ||    14
         Broad axe         |       |       |    12 ||    12
 Invoke: Disaster Area     |       |       |     5 ||     5
    Use: Potion            |     2 |     2 |       ||     4
 Armour: Scale mail        |    13 |       |       ||    13
         Plate armour      |     7 |    26 |    60 ||    93
  Dodge: Dodged            |     7 |     5 |     8 ||    20
         Repelled          |       |       |     1 ||     1
  Block: Buckler           |    10 |    19 |    53 ||    82

Table legend: (Time is in decaauts)
 A = Elapsed time spent in this place.
 B = Non-inter-level travel time spent in this place.
 C = Inter-level travel time spent in this place.
 D = Time resting spent in this place.
 E = Time spent auto-exploring this place.
 F = Levels seen in this place.
 G = Mean time per level.
                   A        B        C        D        E       F      G
               +--------+--------+--------+--------+--------+-----+--------+
         Total |   1308 |   1241 |     67 |    771 |      0 |   1 | 1308.0 |
       Dungeon |   1308 |   1241 |     67 |    771 |      0 |   1 | 1308.0 |
               +--------+--------+--------+--------+--------+-----+--------+

Top non-repeatable levels by time:
       D: 1308 daAuts
